Map: Port Aleksander LE

Players

MaNa

  • Race: Protoss Protoss
  • Spawn Location: 5:00

Clem - Winner!

  • Race: Terran Terran
  • Spawn Location: 11:00

Event: 2019 WCS Spring

VOD

Have the link to the VOD?

Description

Time

  • Played on: May 17, 2019, 10:59 a.m.
  • Length: 7:28

All games in this series

Show
View Real Time Build Order
Export as new Build Order

MaNa Protoss 

Build Orders: Oracle Opening 

Get SALT Encoding   

  12  0:00  Probe  
  13  0:12  Probe  
  14  0:20  Pylon  
  14  0:24  Probe  
  15  0:34  Probe  
  15  0:39  Gateway  
  15  0:42  Probe  
  16  0:48  Assimilator  
  17  0:58  Probe  
  18  1:10  Probe  
  19  1:20  Zealot  
  19  1:22  Probe  
  20  1:26  Cybernetics Core  
  20  1:29  Pylon  
  22  1:34  Probe  
  23  1:47  Probe  
  24  1:54  Stalker  
  24  1:56  Gateway  
  24  2:05  Shield Battery  
  24  2:06  Shield Battery  
  26  2:14  Pylon  
  26  2:22  Stalker  
  25  2:26  Probe  
  26  2:38  Warp Gate  
  26  2:45  Nexus  
  26  2:48  Probe  
  27  2:59  Assimilator  
  27  3:00  Probe  
  28  3:12  Probe  
  29  3:23  Stargate  
  29  3:24  Probe  
  30  3:34  Stalker  
  30  3:35  Probe  
  33  3:43  Probe  
  34  3:51  Probe  
  34  3:56  Oracle  
  34  3:59  Probe  
  36  4:06  Probe  
  40  4:11  Probe  
  40  4:15  Assimilator  
  41  4:18  Probe  
  41  4:20  Gateway  
  41  4:22  Gateway  
  41  4:23  Probe  
  43  4:24  Oracle  
  43  4:31  Probe  
  44  4:35  Probe  
  48  4:43  Probe  
  49  4:46  Assimilator  
  49  4:47  Probe, Pylon  
  50  4:55  Probe  
  50  4:59  Probe  
  52  5:00  Pylon  
  52  5:01  Phoenix  
  54  5:07  Probe  
  54  5:11  Probe  
  56  5:19  Probe, Twilight Council  
  56  5:20  Forge  
  57  5:23  Probe  
  57  5:25  Sentry  
  60  5:29  Phoenix  
  60  5:35  Probe  
  63  5:36  Probe  
  63  5:41  Charge  
  63  5:42  Pylon  
  64  5:47  Stalker, Zealot  
  68  6:00  Phoenix  
  68  6:02  Zealot  
  72  6:09  Probe  
  72  6:10  Probe  
  71  6:12  Zealot x2  
  75  6:22  Probe  
  74  6:27  Probe  
  74  6:30  Stalker  
  64  6:34  Probe  
  64  6:36  Zealot  
  64  6:39  Probe  
  60  6:48  Robotics Facility  
  60  6:51  Zealot  
  60  6:59  Probe x2  
  58  7:10  Zealot  
  58  7:13  Zealot  
Show
View Real Time Build Order
Export as new Build Order

Clem Terran - Winner!

Build Orders:  

Get SALT Encoding   

  12  0:00  SCV  
  13  0:12  SCV  
  14  0:19  Supply Depot  
  14  0:25  SCV  
  15  0:41  Barracks  
  16  0:52  Barracks  
  16  0:55  SCV  
  16  1:01  Refinery  
  16  1:07  SCV  
  17  1:20  SCV  
  18  1:28  Marine, Refinery  
  19  1:33  Orbital Command  
  19  1:42  Marine  
  20  1:47  Bunker  
  20  1:54  Marine  
  20  1:58  Supply Depot  
  20  2:03  Bunker  
  20  2:07  Marine  
  21  2:10  Bunker  
  21  2:14  Marine  
  22  2:28  Marine  
  22  2:30  SCV  
  22  2:36  Factory  
  23  2:37  Reaper  
  23  2:43  SCV  
  25  2:46  Reaper  
  26  2:54  Supply Depot  
  26  2:56  SCV  
  27  3:08  SCV  
  28  3:20  SCV  
  28  3:21  Factory Tech Lab  
  28  3:25  Starport  
  29  3:38  SCV  
  29  3:40  Cyclone  
  33  3:55  Command Center  
  33  4:01  Marine x2  
  35  4:08  Starport Tech Lab  
  35  4:12  Supply Depot  
  35  4:17  Siege Tank  
  35  4:20  Marine  
  39  4:28  Cloaking Field  
  39  4:33  Marine  
  39  4:36  Banshee  
  43  4:42  Marine  
  45  4:48  Supply Depot  
  44  4:58  Siege Tank  
  47  5:06  Marine x2  
  50  5:07  SCV  
  50  5:09  Orbital Command  
  50  5:19  Banshee  
  53  5:23  SCV  
  53  5:26  Marine x2  
  56  5:39  Siege Tank  
  56  5:40  SCV x2  
  61  5:44  Marine x2  
  61  5:49  Supply Depot  
  63  6:01  Marine x2, Supply Depot  
  65  6:08  Banshee  
  65  6:19  Marine  
  59  6:26  Marine  
  59  6:27  SCV  
  59  6:28  Siege Tank  
  56  6:37  Marine  
  54  6:44  SCV x2, Marine  
  57  6:48  Barracks x2  
  60  6:55  Marine  
  61  7:08  Marine  
  65  7:20  Bunker  
  65  7:24  Bunker  
Tags
 
Add a new tag
Caveats
  • Supply blocks, unpowered buildings, or Contaminate may cause inaccurate times.
  • Supply counts are checked every 10 seconds.